 Dungeon Crawl Stone Soup version 0.31-a0-667-g39726597b9 (webtiles) character file.

Game seed: 12577322305386728395

119 qw the Shooter (level 5, 0/32 HPs)
             Began as a Gargoyle Hunter on Sept 2, 2023.
             Slain by a gnoll
             ... wielding a +0 spear
              (7 damage)
             ... on level 3 of the Dungeon.
             The game lasted 00:01:27 (1757 turns).

qw the Shooter (Gargoyle Hunter)                    Turns: 1757, Time: 00:01:27

Health: 0/32       AC:  9    Str: 15    XL:     5   Next: 3%
Magic:  5/5        EV: 11    Int:  9    God:
Gold:   193        SH:  0    Dex: 15    Spells: 4/4 levels left

rFire   . . .        c - +2 shortbow (elec)
rCold   . . .        (shield currently unavailable)
rNeg    + . .        d - +0 ring mail
rPois   inf          (no helmet)
rElec   +            (no cloak)
rCorr   .            (no gloves)
SInv    +            (no boots)
Will    .....        (no amulet)
Stlth   +            g - ring of see invisible
HPRegen 0.25/turn    (no ring)
MPRegen 0.09/turn

%: no passive effects
@: about to teleport
A: sickness immunity, AC +4, negative energy resistance 1, electricity
resistance, torment resistance 1, petrification resistance
a: no special abilities


You were on level 3 of the Dungeon.
You visited 1 branch of the dungeon, and saw 3 of its levels.

You collected 193 gold pieces.


Innate Abilities, Weirdness & Mutations

You are immune to sickness and miasma.
Your stone body is resilient. (AC +4)
You are immune to poison.
You resist negative energy. (rN+)
You are resistant to electric shocks. (rElec)
You are resistant to unholy torment.
You are immune to petrification.


   Skills:
 - Level 3.0 Fighting
 + Level 5.7 Ranged Weapons
 - Level 1.0 Armour
 - Level 1.5 Dodging
 - Level 1.1 Stealth


You had 4 spell levels left.
You didn't know any spells.
Your spell library was empty.

Inventory:

Hand Weapons
 c - a +2 shortbow of electrocution (weapon)
Armour
 d - a +0 ring mail (worn)
Jewellery
 g - a ring of see invisible (left hand)
Scrolls
 a - 2 scrolls of identify
 i - a scroll of enchant armour {unknown}
Potions
 b - a potion of heal wounds {unknown}
 e - a potion of haste {unknown}
 f - a potion of resistance {unknown}
 j - 2 potions of degeneration {unknown}

Dungeon Overview and Level Annotations

Branches:
Dungeon (3/15)

Altars:


Message History

The gnoll attacks as it pursues you! The gnoll hits you but does no damage.
Enter note:
1746 |||
Found retreat position at -2,1 (floor) with 0 blocking monsters and 1 monsters attacking at destination at distance 2
1746 ||| Stepping ~*~*~tactically~*~*~ (retreating).
You shoot an arrow. The arrow hits the gnoll.
The gnoll is almost dead.
The gnoll hits you with a +0 club!
You shoot an arrow. The arrow hits the gnoll.
The gnoll is almost dead.
The gnoll hits you but does no damage.
You shoot an arrow. The arrow barely misses the gnoll.
You hear a shout!
The gnoll closely misses you.
You shoot an arrow. The arrow hits the gnoll.
Lightning courses through the gnoll!
You kill the gnoll!
You have reached level 5!
You shoot an arrow. The arrow barely misses the gnoll.
The gnoll hits you with a +0 club.
You shoot an arrow. The arrow hits the gnoll.
The gnoll is almost dead.
The gnoll hits you with a +0 club.
You shoot an arrow.
The arrow hits the gnoll but does no damage.
The gnoll is almost dead.
The gnoll hits you but does no damage.
You shoot an arrow. The arrow closely misses the gnoll.
A gnoll comes into view. It is wielding a +0 spear.
The gnoll closely misses you. The gnoll hits you with a +0 whip.
You shoot an arrow. The arrow barely misses the gnoll.
The gnoll barely misses you. The gnoll hits you but does no damage.
The gnoll completely misses you.
You shoot an arrow. The arrow completely misses the gnoll.
The gnoll hits you from afar with a +0 spear.
The gnoll hits you with a +0 club. The gnoll misses you.
1757 ||| READING scroll of teleportation.
As you read the scroll of teleportation, it crumbles to dust.
You feel strangely unstable.
The gnoll hits you from afar with a +0 spear!
You die...

...#.#.....#.#.#.###
...............>### #
#.#.##..#.#.#.#.... #.
#.#.###.#.#.#.#....
#..###...........#.#.###
##...........###.#.#)...
........g.(g...............
###########g###.###.###.###
.......@g............<#
####.......##....###.##
#....)..........#.#
#.###'######....#.#
###+###.######....#.#
#.................#.#
#..:..........###...##
#.............+......#
#......#......###.#..#


You could see 3 gnolls.

Vanquished Creatures
  An orc wizard (D:3)
  A gnoll (D:3)
  An adder (D:3)
  2 worms (D:2)
  5 orcs (D:3)
  6 ball pythons
  6 endoplasms
  4 giant cockroaches (D:1)
  7 goblins
  2 hobgoblins
  2 jackals (D:2)
  9 kobolds
  A quokka (D:1)
  6 bats
  4 frilled lizards
  3 rats
60 creatures vanquished.

Notes
Turn   | Place    | Note
-------+----------+-------------------------------------------
     0 | D:1      | qw the Gargoyle Hunter began the quest for the Orb.
     0 | D:1      | Reached XP level 1. HP: 12/12 MP: 1/1
     0 | D:1      | 0 ||| qw: Version: 0.3-a-75-g5245507
     0 | D:1      | 0 ||| qw: Game counter: 4
     0 | D:1      | 0 ||| qw: Melee chars always use a shield: true
     0 | D:1      | 0 ||| qw: God list: Okawaru
     0 | D:1      | 0 ||| qw: Allow faded altars: false
     0 | D:1      | 0 ||| qw: Do Orc after clearing Dungeon:15 true
     0 | D:1      | 0 ||| qw: Do second Lair branch before Depths: true
     0 | D:1      | 0 ||| qw: Lair rune preference: random
     0 | D:1      | 0 ||| qw: Goals: Normal
     0 | D:1      | 0 ||| PLANNING D:1-11
   133 | D:1      | Reached XP level 2. HP: 13/17 MP: 2/2
   496 | D:1      | Reached XP level 3. HP: 20/21 MP: 3/3
   617 | D:1      | Reached skill level 5 in Ranged Weapons
   800 | D:1      | 800 ||| UPGRADING to +0 ring mail.
   810 | D:1      | 810 ||| DROPPING +0 leather armour.
   811 | D:1      | 811 ||| UPGRADING to ring of see invisible.
   812 | D:1      | 812 ||| READING 3 scrolls labelled ZEASTR FEIRPH.
   813 | D:1      | 813 ||| READING 2 scrolls labelled BUOGAZX OCVU.
   814 | D:1      | 814 ||| READING 2 scrolls labelled IQIADA COVVE.
   817 | D:1      | 817 ||| READING scroll labelled GELEUX TEAHO.
   817 | D:1      | Identified a scroll of acquirement
   817 | D:1      | 817 ||| ACQUIRING +2 shortbow of electrocution
   817 | D:1      | Acquired a +2 shortbow of electrocution
   819 | D:1      | 819 ||| SWAPPING to +2 shortbow of electrocution.
   820 | D:1      | 820 ||| DROPPING +0 shortbow.
   821 | D:1      | 821 ||| READING 2 scrolls of identify.
   821 | D:1      | 821 ||| IDENTIFYING smoky brown potion
   822 | D:1      | 822 ||| DROPPING scroll of butterflies.
   823 | D:1      | 823 ||| DROPPING scroll of immolation.
   824 | D:1      | 824 ||| DROPPING potion of ambrosia.
   870 | D:2      | Reached skill level 1 in Armour
  1133 | D:2      | 1133 ||| FLEEEEING.
  1400 | D:2      | Reached skill level 3 in Fighting
  1400 | D:2      | Reached XP level 4. HP: 28/28 MP: 4/4
  1742 | D:3      | 1742 ||| Stepping ~*~*~tactically~*~*~ (retreating).
  1743 | D:3      | 1743 ||| Stepping ~*~*~tactically~*~*~ (retreating).
  1744 | D:3      | 1744 ||| Stepping ~*~*~tactically~*~*~ (retreating).
  1745 | D:3      | 1745 ||| Stepping ~*~*~tactically~*~*~ (retreating).
  1746 | D:3      | 1746 ||| Stepping ~*~*~tactically~*~*~ (retreating).
  1751 | D:3      | Reached XP level 5. HP: 17/32 MP: 5/5
  1756 | D:3      | HP: 8/32 [gnoll/+0 spear (3)]
  1757 | D:3      | 1757 ||| READING scroll of teleportation.
  1757 | D:3      | Slain by a gnoll

Levels and vault maps discovered:
D:1:      ncdulo_halloftheorcs, layout_loops_cross, serial_rivers,
          chequers_serial_rivers_micro_e, chequers_serial_rivers_room_b,
          chequers_serial_rivers_marsh, chequers_serial_rivers_room_b,
          nrook_mini_backslash
D:2:      layout_loops_cross, ebering_dispersal_statue_hall
D:3:      layout_basic, nicolae_wu_jian_immortal_techniques,
          ebering_ghost_rock_garden, minmay_misc_feat_tiny

Skill      XL: |  1  2  3 |
---------------+----------+-----
Ranged Weapons | 5 |  5.7
Armour         | 1 |  1.0
Fighting       | 3 |  3.0
Dodging        | |  1.5
Stealth        | |  1.1

Action                     |  1- 3 |  4- 6 || total
---------------------------+-------+-------++-------
   Fire: Shortbow          |   136 |    45 ||   181
    Use: Scroll            |     5 |     1 ||     6
 Armour: Leather armour    |    27 |       ||    27
         Ring mail         |     9 |    21 ||    30
  Dodge: Dodged            |    25 |    18 ||    43

Table legend:
 A = Non-vault XP
 B = Vault XP
 C = Vault XP percentage of total XP
 D = Non-vault monster count
 E = Vault monster count
 F = Vault count percentage of total count
                 A         B        C        D         E       F
            +---------+---------+-------+---------+---------+-------
      Total |     170 |       0 |   0.0 |      60 |       0 |   0.0
            +---------+---------+-------+---------+---------+-------
        D:1 |      40 |       0 |   0.0 |      24 |       0 |   0.0
        D:2 |      45 |       0 |   0.0 |      23 |       0 |   0.0
        D:3 |      85 |       0 |   0.0 |      13 |       0 |   0.0
            +---------+---------+-------+---------+---------+-------
